 Dungeon Crawl Stone Soup version 0.19-a0-965-g50bf062 (webtiles) character file.

5239 Ijustatesigmund the Warmonger (level 10, 0/79 HPs)
             Began as a Demonspawn Fighter on July 12, 2016.
             Was an Elder of Okawaru.
             Incinerated by a deep elf mage (8 damage)
             ... with a sticky flame
             ... on level 12 of the Dungeon.
             The game lasted 00:24:35 (7927 turns).

Ijustatesigmund the Warmonger (Demonspawn Fighter)  Turns: 7927, Time: 00:24:35

Health: 0/79       AC: 18    Str: 22    XL:     10   Next: 35%
Magic:  17/17      EV:  8    Int: 10    God:    Okawaru [****..]
Gold:   391        SH: 22    Dex: 19    Spells: 0 memorised, 9 levels left

rFire  . . .     SeeInvis .     a - +0 long sword
rCold  + + .     Gourm    .     b - +0 scale mail
rNeg   . . .     Faith    .     C - +5 large shield of the Bulwark {rC++ Dex+6 Stlth+}
rPois  .         Spirit   .     (no helmet)
rElec  .         Dismiss  .     J - +0 cloak
rCorr  +         Reflect  .     s - +0 pair of gloves
SustAt .         Harm     .     q - +1 pair of boots
MR     .....                    (no amulet)
Stlth  +.........               D - ring of resist corrosion
                                i - +5 ring of strength

@: liquid flames, glowing, not resistant to hostile enchantments, very
unstealthy
A: talons 1, rough black scales 2, demonic guardian 1, spiny 2
a: Heroism, Renounce Religion


You were on level 12 of the Dungeon.
You worshipped Okawaru.
Okawaru was greatly pleased with you.
You were very hungry.

You visited 1 branch of the dungeon, and saw 12 of its levels.
You also visited: Ossuary.

You collected 666 gold pieces.
You spent 275 gold pieces at shops.

Inventory:

Hand Weapons
 a - a +0 long sword (weapon)
Armour
 b - a +0 scale mail (worn)
 q - a +1 pair of boots (worn)
 s - a +0 pair of gloves (worn)
 C - the +5 large shield of the Bulwark (worn) {rC++ Dex+6 Stlth+}
   (You bought it in a shop on level 4 of the Dungeon)

   It affects your dexterity (+6).
   It greatly protects you from cold.
   It makes you more stealthy.
 J - a +0 cloak (worn)
Jewellery
 i - a +5 ring of strength (left hand)
 k - an uncursed ring of flight
 w - an uncursed ring of wizardry
 D - a ring of resist corrosion (right hand)
 E - a +1 ring of protection
 K - an uncursed ring of magical power
Wands
 h - a wand of confusion (21/48)
 o - a wand of digging (15/24)
 v - a wand of teleportation (4/9)
 y - a wand of teleportation (4/9)
 F - a wand of digging (6/24)
 H - a wand of digging (18/24)
Scrolls
 j - 2 scrolls of blinking
 m - 3 scrolls of remove curse
Potions
 c - 2 potions of brilliance
 d - a potion of might
 e - a potion of flight
 g - a potion of berserk rage
 l - 10 potions of lignification
 p - 9 potions of curing
 r - 2 potions of mutation
 u - 2 potions of degeneration {unknown}
 x - a potion of agility {unknown}
 z - 3 potions of heal wounds {unknown}
 A - a potion of magic {unknown}
 B - a potion of invisibility {unknown}
 I - a potion of haste {unknown}
Comestibles
 f - 7 bread rations
 n - 5 meat rations
 t - 8 slices of pizza


   Skills:
 + Level 7.3 Fighting
 * Level 6.5 Long Blades
 - Level 4.6 Armour
 - Level 3.0 Dodging
 + Level 7.9 Shields
 - Level 9.4 Invocations


You had 9 spell levels left.
You didn't know any spells.

Dungeon Overview and Level Annotations

Branches:
Dungeon (12/15)            Temple (0/1) D:6            Lair (0/6) D:10
    Orc (0/2) D:10

Altars:
Kikubaaqudgha
Makhleb
Okawaru
Pakellas
Qazlal
Sif Muna
The Shining One

Shops:
D:4 (==*=

Annotations:
D:7 exclusion: oklob plant
D:11 Gastronok


Innate Abilities, Weirdness & Mutations

You have sharp toenails.
You are mostly covered in rough black scales. (AC +7, Dex -2)
A weak demonic guardian rushes to your aid.
You are mostly covered in sharp spines.


Message History

You are covered in liquid flames!
You block the deep elf mage's attack.
Your white imp hits the deep elf mage.
Your white imp freezes the deep elf mage.
You barely miss the deep elf mage.
The deep elf mage is moderately wounded.
You are covered in liquid flames!
Your white imp closely misses the deep elf mage.
You block the deep elf mage's attack.
You hit the deep elf mage but do no damage.
The deep elf mage is moderately wounded.
You are covered in liquid flames!
Your white imp closely misses the deep elf mage.
The deep elf mage points at you and mumbles some strange words.
The bolt of fire hits you!
* * * LOW HITPOINT WARNING * * *
You're too hungry to go berserk.
You hit the deep elf mage.
The deep elf mage is moderately wounded.
You are covered in liquid flames!
You die...

#..# #..# #..# #..#
#..## ####### ... .....#
#.# ###.#.##########
##.### #..../...5...%..
.....# #.....@e...!..
.<...####.###.##########
......(... #.#
.....##### ##.# ..=..#
#..# .#####
##.############ .# ##
#...##......... .#.#....
#.#.#.#.######## .##.#
#.#.##.##..#


You could see a deep elf mage and a friendly white imp.

Vanquished Creatures
  Pikel (D:4)
  Grinder (D:5)
  A wyvern (D:8)
  Eustachio (D:4)
  A hungry ghost (D:12)
  A water moccasin (D:7)
  3 orc warriors
  4 phantoms
  A sky beast (D:8)
  A wasp (D:7)
  A black bear (D:9)
  3 ogres
  4 centaurs
  3 giant frogs
  A gnoll sergeant (D:8)
  3 scorpions
  A water moccasin skeleton (D:6)
  3 killer bees (D:7)
  2 howler monkeys
  3 crimson imps
  A wasp zombie (D:9)
  A quasit (D:8)
  A centaur skeleton (D:9)
  A hound (D:9)
  10 jellies
  7 orc wizards
  An orc priest (D:9)
  A centaur zombie (D:9)
  An iguana (D:9)
  4 worker ants
  A big kobold zombie (Ossuary)
  2 hound skeletons
  8 mummies (Ossuary)
  A howler monkey zombie (D:6)
  5 gnolls (D:8)
  9 adders
  18 oozes
  An adder skeleton (D:9)
  An adder zombie (D:5)
  7 worms
  A dart slug (D:3)
  3 giant geckos
  24 orcs
  6 giant cockroaches
  4 gnoll zombies (Ossuary)
  12 goblins
  6 hobgoblins
  8 jackals
  13 kobolds
  8 quokkas
  4 ball pythons
  6 bats
  4 giant gecko skeletons
  3 giant newts
  A goblin zombie (D:7)
  2 kobold zombies (Ossuary)
  An orc zombie (Ossuary)
  A quokka skeleton (D:5)
  10 rats
  A rat zombie (D:7)
238 creatures vanquished.

Vanquished Creatures (collateral kills)
  A hill giant (D:10)
  A big kobold (D:6)
  3 giant frogs
  A wyvern skeleton (D:10)
  2 jellies (D:7)
  A hound (D:10)
  An orc wizard (D:5)
  2 oozes (D:7)
  A giant gecko (D:7)
  2 orcs (D:5)
15 creatures vanquished.

Vanquished Creatures (others)
  2 fungi (D:7)
2 creatures vanquished.

Grand Total: 255 creatures vanquished

Notes
Turn   | Place    | Note
-------+----------+-------------------------------------------
     0 | D:1      | Ijustatesigmund the Demonspawn Fighter began the quest for the Orb.
     0 | D:1      | Reached XP level 1. HP: 18/18 MP: 1/1
   108 | D:1      | Gained mutation: You are partially covered in rough black scales. (AC +4, Dex -1) [demonic ancestry]
   108 | D:1      | Reached XP level 2. HP: 24/24 MP: 2/2
   233 | D:1      | Reached skill level 1 in Dodging
   372 | D:2      | Gained mutation: You are partially covered in sharp spines. [demonic ancestry]
   372 | D:2      | Reached XP level 3. HP: 9/29 MP: 3/3
   933 | D:2      | Gained mutation: You are mostly covered in rough black scales. (AC +7, Dex -2) [demonic ancestry]
   933 | D:2      | Reached XP level 4. HP: 32/37 MP: 4/4
  1739 | D:3      | Found an oddly glowing altar of Pakellas.
  1990 | D:3      | Found a stormy altar of Qazlal.
  1993 | D:3      | Found an iron altar of Okawaru.
  1996 | D:3      | Found a glowing golden altar of the Shining One.
  2002 | D:3      | Became a worshipper of Warmaster Okawaru
  2279 | D:4      | Noticed a phantom
  2311 | D:4      | Killed a phantom
  2311 | D:4      | Reached XP level 5. HP: 33/43 MP: 5/5
  2399 | D:4      | Gained mutation: A weak demonic guardian rushes to your aid. [demonic ancestry]
  2399 | D:4      | Reached XP level 6. HP: 33/49 MP: 6/6
  2478 | D:4      | Found Tiepohoss's Jewellery Boutique.
  2482 | D:4      | Found Reifuukk's Assorted Antiques.
  2483 | D:4      | Found Maodenaywn's Jewellery Boutique.
  2655 | D:4      | Found Tauwn's Weapon Shop.
  2705 | D:4      | Noticed Eustachio
  2719 | D:4      | Killed Eustachio
  2719 | D:4      | Reached skill level 3 in Invocations
  2720 | D:4      | Found Gisaibeic's Jewellery Shop.
  2783 | D:4      | Noticed Pikel
  2783 | D:4      | Noticed a slave
  2784 | D:4      | Noticed a slave
  2786 | D:4      | Noticed a slave
  2787 | D:4      | Noticed a slave
  2824 | D:4      | Killed Pikel
  2824 | D:4      | Reached * piety under Okawaru
  2824 | D:4      | Reached ** piety under Okawaru
  2824 | D:4      | Reached skill level 7 in Invocations
  2824 | D:4      | Reached XP level 7. HP: 36/55 MP: 8/12
  2904 | D:4      | Reached skill level 8 in Invocations
  3011 | D:5      | Entered Level 5 of the Dungeon
  3099 | D:5      | Noticed Grinder
  3106 | D:5      | Gained mutation: You have sharp toenails. [demonic ancestry]
  3106 | D:5      | Reached XP level 8. HP: 61/61 MP: 14/14
  3113 | D:5      | Paralysed by Grinder for 5 turns
  3118 | D:5      | Killed Grinder
  3118 | D:5      | Reached skill level 9 in Invocations
  3141 | D:5      | Reached skill level 5 in Fighting
  3290 | D:5      | Reached *** piety under Okawaru
  3886 | D:6      | Found a staircase to the Ecumenical Temple.
  4428 | D:7      | Found a sand-covered staircase.
  4442 | Ossuary  | Entered an ossuary
  4457 | Ossuary  | Reached XP level 9. HP: 61/69 MP: 16/16
  4493 | Ossuary  | Reached **** piety under Okawaru
  4742 | D:4      | Bought a twisted large shield for 275 gold pieces
  4752 | D:4      | Identified the +5 large shield of the Bulwark {rC++ Dex+6 Stlth+} (You bought it in a shop on level 4 of the Dungeon)
  5114 | D:7      | Reached skill level 5 in Shields
  5369 | D:7      | Noticed an oklob plant
  5800 | D:8      | Received a gift from Okawaru
  6160 | D:8      | Found an ancient bone altar of Kikubaaqudgha.
  6226 | D:8      | Reached skill level 5 in Long Blades
  6452 | D:8      | Gained mutation: You are mostly covered in sharp spines. [demonic ancestry]
  6452 | D:8      | Reached XP level 10. HP: 77/77 MP: 17/17
  6457 | D:8      | Found a deep blue altar of Sif Muna.
  6717 | D:9      | Received a gift from Okawaru
  6908 | D:9      | Found a burning altar of Makhleb.
  7386 | D:10     | Entered Level 10 of the Dungeon
  7411 | D:10     | Noticed a hill giant
  7423 | D:10     | Killed a hill giant
  7423 | D:10     | Reached ***** piety under Okawaru
  7599 | D:10     | Noticed a fire dragon
  7600 | D:10     | Found a staircase to the Orcish Mines.
  7629 | D:10     | Found a staircase to the Lair.
  7632 | D:11     | Noticed Gastronok
  7632 | D:11     | Noticed a cyclops
  7911 | D:12     | Noticed a deep elf mage
  7927 | D:12     | Incinerated by a deep elf mage

Vault maps used:
D:1:      tarquinn_simple_flora_water_b
D:2:      minmay_hexomino_c4
D:3:      grunt_temple_overflow_diamond, johnstein_pakellas_dig
D:4:      minmay_shop_star, serial_shops, shop, shop, grunt_ministairs_11,
          uniq_eustachio, uniq_pikel
D:5:      first_bread, uniq_grinder
D:7:      lemuel_slime, enter_ossuary_4
D:8:      marbit_many_paths, nicolae_overflow_crystal_walls
D:9:      lemuel_crystal_altar, grunt_pizzeria
D:10:     dpeg_lair_monsters, david_orc_2, minivault_15
D:11:     minmay_misc_feat_rugged, minmay_misc_feat_tower, uniq_gastronok
D:12:     enter_bailey_7, kennysheep_generic_room_3
Ossuary:  ossuary_tomb_3

Skill      XL: |  1  2  3  4  5  6  7  8  9 10 |
---------------+-------------------------------+-----
Long Blades    | 2 3 5 6 |  6.5
Dodging        | 1 2 3 |  3.0
Fighting       | 4 6 7 |  7.3
Invocations    | 7 8 9 |  9.4
Armour         | 4 |  4.6
Shields        | 4 7 |  7.9

Action                   |  1- 3 |  4- 6 |  7- 9 | 10-12 || total
-------------------------+-------+-------+-------+-------++-------
Melee: Long sword        |   103 |   184 |   455 |   166 ||   908
Invok: Heroism           |       |       |     1 |       ||     1
Evoke: Wand              |       |       |     1 |       ||     1
  Use: Scroll            |     4 |     8 |     3 |     9 ||    24
       Potion            |       |     1 |     2 |       ||     3
 Stab: Sleeping          |       |       |     2 |     1 ||     3
       Distracted        |       |       |       |     1 ||     1
  Eat: Chunk             |       |     4 |     6 |     2 ||    12
       Bread ration      |       |     1 |     1 |       ||     2
       Beef jerky        |       |       |       |     2 ||     2
Armor: Scale mail        |    56 |    86 |   167 |    30 ||   339
Dodge: Dodged            |    25 |    36 |    90 |    24 ||   175
Block: Shield            |    69 |    72 |    85 |       ||   226
       Large shield      |       |       |   320 |   192 ||   512
